Map: Ultralove

Players

Space - Winner!

  • Race: Protoss Protoss
  • League: Diamond
  • Spawn Location: 7:00

SubN

  • Race: Zerg Zerg
  • League: Platinum
  • Spawn Location: 1:00

VOD

Have the link to the VOD?

Description

Time

  • Played on: July 21, 2025, 6:27 p.m.
  • Length: 11:18
Show
View Real Time Build Order
Export as new Build Order

Space Protoss - Winner!

Build Orders: 1 Gate Expand, Double Forge 

Get SALT Encoding   

  12  0:00  Probe  
  13  0:12  Probe  
  14  0:20  Pylon  
  14  0:24  Probe  
  15  0:35  Probe  
  15  0:40  Gateway  
  16  0:43  Probe  
  16  0:48  Assimilator  
  17  0:53  Probe  
  18  1:05  Probe  
  19  1:17  Probe  
  20  1:31  Cybernetics Core  
  20  1:35  Nexus  
  20  1:44  Pylon  
  20  1:45  Probe  
  21  1:52  Assimilator  
  21  1:57  Probe  
  21  1:59  Adept  
  22  2:09  Probe  
  25  2:18  Pylon  
  25  2:24  Probe  
  25  2:29  Adept  
  28  2:33  Stargate  
  28  2:36  Probe  
  29  2:44  Probe x2  
  31  2:52  Probe x2  
  33  3:02  Probe  
  34  3:11  Probe  
  34  3:12  Void Ray, Adept  
  37  3:14  Probe  
  42  3:23  Probe  
  42  3:24  Pylon  
  42  3:26  Probe  
  44  3:28  Warp Gate  
  44  3:35  Probe  
  44  3:38  Probe  
  44  3:40  Pylon  
  46  3:42  Adept  
  46  3:47  Probe  
  49  3:50  Probe  
  50  3:59  Probe  
  50  4:00  Pylon  
  51  4:03  Probe  
  52  4:18  Nexus  
  52  4:19  Pylon  
  52  4:21  Probe  
  52  4:22  Probe  
  54  4:25  Adept  
  56  4:35  Twilight Council  
  56  4:36  Robotics Facility  
  56  4:40  Probe x2  
  56  4:44  Assimilator  
  58  4:46  Assimilator  
  58  4:50  Forge x2  
  58  4:52  Probe  
  59  4:56  Probe  
  60  5:04  Probe  
  61  5:08  Probe  
  61  5:12  Gateway x2  
  62  5:20  Protoss Ground Weapons Level 1  
  62  5:21  Blink  
  62  5:22  Protoss Ground Armor Level 1  
  62  5:26  Probe x2  
  62  5:28  Stalker  
  66  5:29  Observer  
  67  5:38  Photon Cannon  
  67  5:40  Photon Cannon  
  67  5:42  Pylon  
  67  5:47  Immortal  
  71  5:57  Gateway  
  71  6:01  Photon Cannon  
  71  6:02  Photon Cannon  
  71  6:05  Gateway x2  
  71  6:09  Stalker  
  73  6:15  Probe x2  
  73  6:16  Adept  
  73  6:17  Stalker  
  79  6:21  Probe  
  79  6:24  Assimilator  
  80  6:27  Probe, Templar Archives  
  80  6:28  Assimilator  
  80  6:31  Pylon, Probe  
  82  6:33  Probe  
  83  6:41  Probe  
  83  6:43  Probe  
  85  6:50  Pylon  
  85  6:52  Stalker x3  
  91  6:57  Immortal  
  95  7:02  Robotics Facility  
  95  7:05  Pylon  
  95  7:07  Psionic Storm  
  95  7:09  Pylon, Stalker x2  
  95  7:10  Stalker  
  95  7:13  Probe x3  
  104  7:26  High Templar x2  
  108  7:30  High Templar  
  108  7:33  Probe  
  108  7:34  Probe x2  
  113  7:37  Photon Cannon  
  113  7:43  High Templar  
  115  7:45  Zealot x2  
  115  7:46  Probe x3  
  122  8:10  Photon Cannon  
  122  8:16  Nexus  
  122  8:18  Pylon  
  122  8:19  Protoss Ground Weapons Level 2, Protoss Ground Armor Level 2  
  122  8:20  Pylon  
  122  8:27  Stalker  
  122  8:28  Stalker x5  
  134  8:38  Charge  
  134  8:48  Photon Cannon  
  134  8:50  Photon Cannon  
  134  8:52  Photon Cannon  
  134  8:55  Photon Cannon  
  134  8:57  Gateway, Photon Cannon  
  134  9:01  Gateway x2  
  116  9:10  Archon  
  106  9:28  Stalker x3  
  106  9:30  Immortal x2  
  120  9:31  High Templar x3  
  126  9:39  Probe x4  
  129  9:51  Probe  
  129  9:52  High Templar x3  
  136  9:55  Zealot  
  136  9:56  Zealot x2  
  142  10:01  Assimilator  
  142  10:03  Assimilator  
  142  10:07  Zealot x3  
  142  10:12  Immortal x2  
  156  10:17  High Templar x2  
  156  10:19  Zealot  
  162  10:26  Probe x4  
  166  10:36  Zealot x3  
  168  10:44  Pylon  
  168  11:02  Probe  
  166  11:14  Stalker x3  
Show
View Real Time Build Order
Export as new Build Order

SubN Zerg 

Build Orders: Pool First 

Get SALT Encoding   

  12  0:00  Drone  
  13  0:12  Overlord  
  13  0:16  Drone  
  14  0:31  Drone x2  
  16  0:44  Spawning Pool  
  16  0:45  Extractor  
  16  0:47  Drone  
  16  0:49  Drone  
  16  0:56  Drone  
  17  1:15  Hatchery  
  16  1:22  Drone x2  
  18  1:34  Queen  
  20  1:44  Metabolic Boost  
  20  1:49  Zergling x2  
  20  1:50  Zergling x2  
  22  1:56  Overlord  
  22  2:03  Overlord  
  22  2:16  Queen  
  24  2:27  Queen  
  26  2:36  Drone x3  
  29  2:48  Drone x4  
  33  2:59  Lair  
  32  3:18  Drone, Roach Warren  
  32  3:19  Drone  
  33  3:22  Drone  
  33  3:23  Drone x3, Extractor  
  36  3:32  Queen  
  38  3:46  Drone x6  
  44  3:59  Hatchery  
  43  4:12  Overlord  
  43  4:14  Pneumatized Carapace  
  43  4:21  Glial Reconstitution  
  43  4:22  Overlord  
  42  4:33  Drone  
  42  4:38  Extractor  
  42  4:40  Overseer, Queen  
  44  4:48  Drone x3  
  44  4:49  Drone x2  
  49  4:55  Overlord  
  49  4:57  Queen  
  51  5:11  Baneling Nest  
  51  5:12  Drone  
  51  5:14  Drone x2  
  53  5:15  Drone x4  
  53  5:16  Queen  
  53  5:20  Extractor, Queen  
  60  5:22  Drone x3  
  60  5:27  Overlord  
  60  5:28  Overlord  
  63  5:48  Roach  
  63  5:49  Roach x4  
  73  5:55  Queen  
  75  5:59  Zergling x12  
  75  6:04  Centrifugal Hooks  
  81  6:17  Overlord x5  
  81  6:20  Overlord  
  81  6:24  Baneling  
  81  6:25  Baneling x10  
  81  6:37  Drone x2  
  83  6:41  Drone  
  83  6:43  Evolution Chamber  
  83  6:44  Evolution Chamber  
  83  6:46  Spire  
  84  6:47  Drone x4  
  84  6:49  Zergling x2  
  84  6:52  Overlord  
  86  6:55  Overlord  
  86  6:59  Ravager x2  
  86  7:00  Ravager x3  
  91  7:05  Drone x4  
  95  7:08  Extractor  
  95  7:09  Drone  
  95  7:10  Extractor  
  94  7:29  Zerg Melee Weapons Level 1  
  94  7:30  Zerg Missile Weapons Level 1  
  94  7:32  Roach x4  
  94  7:34  Zergling x2  
  94  7:35  Zergling x16  
  111  7:46  Drone x3  
  114  7:53  Overlord x2  
  114  8:21  Hatchery  
  111  8:32  Zergling x2  
  111  8:33  Zergling x26  
  125  8:40  Overlord x2  
  125  8:49  Zergling x6  
  125  8:50  Zergling x4  
  79  9:29  Roach  
  79  9:30  Roach x15  
  110  9:37  Drone  
  110  9:38  Queen  
  113  9:46  Zergling x2  
  113  9:47  Zergling x4  
  113  9:49  Overlord  
  116  9:53  Overseer x2  
  116  9:57  Queen  
  119  10:00  Drone x2  
  120  10:12  Drone x4  
  120  10:13  Drone  
  120  10:14  Queen  
  125  10:15  Extractor x2  
  125  10:19  Ravager x4  
  125  10:20  Ravager x2  
  131  10:23  Zergling x2  
  131  10:24  Zergling x18  
Tags
 
Add a new tag
Caveats
  • Supply blocks, unpowered buildings, or Contaminate may cause inaccurate times.
  • Supply counts are checked every 10 seconds.